 Dungeon Crawl Stone Soup version 0.31.0-9-g3a7656b989 (webtiles) character file.

Game seed: 9289233980630056557

40 qw the Shooter (level 3, 0/18 HPs)
             Began as a Spriggan Hunter on Feb 2, 2024.
             Slain by a goblin
             ... wielding a +0 dagger
             ... led by Robin
              (1 damage)
             ... on level 2 of the Dungeon.
             The game lasted 00:00:02 (907 turns).

qw the Shooter (Spriggan Hunter)                     Turns: 907, Time: 00:00:03

Health: 0/18       AC:  2    Str:  7    XL:     3   Next: 30%
Magic:  4/4        EV: 19    Int: 10    God:
Gold:   9          SH:  0    Dex: 20    Spells: 2/2 levels left

rFire   + . .        a - +0 shortbow
rCold   . . .        (shield currently unavailable)
rNeg    . . .        c - +0 robe
rPois   .            (helmet restricted)
rElec   .            (no cloak)
rCorr   .            (gloves unavailable)
SInv    +            (boots unavailable)
Will    +....        (no amulet)
Stlth   ++           g - ring of willpower
HPRegen 0.23/turn    j - ring of protection from fire
MPRegen 0.09/turn

%: no passive effects
@: very quick
A: very small, no large weapons, unfitting armour, see invisible, speed 3
a: no special abilities


You were on level 2 of the Dungeon.
You visited 1 branch of the dungeon, and saw 2 of its levels.

You collected 9 gold pieces.


Innate Abilities, Weirdness & Mutations

You are very small and have problems with some larger weapons.
You are too small for most types of armour.
You have supernaturally acute eyesight. (SInv)
You cover ground extremely quickly. (Speed+++)


   Skills:
 - Level 1.5 Fighting
 + Level 4.6 Ranged Weapons
 - Level 4.0 Dodging
 - Level 1.5 Stealth


You had 2 spell levels left.
You didn't know any spells.
Your spell library was empty.

Inventory:

Hand Weapons
 a - a +0 shortbow (weapon)
Armour
 c - a +0 robe (worn)
Jewellery
 g - a ring of willpower (left hand)
 j - a ring of protection from fire (right hand)
Potions
 f - a potion of curing
 h - a potion of heal wounds

Dungeon Overview and Level Annotations

Branches:
Dungeon (2/15)

Altars:

Annotations:
D:2 Robin


Message History

A hobgoblin is nearby!
Waypoint 1 assigned to D:2.
You shoot an arrow. The arrow hits the hobgoblin.
The hobgoblin shouts!
The hobgoblin is moderately wounded.
You hear a shout! x6
You shoot an arrow. The arrow hits the hobgoblin!
You kill the hobgoblin!
You hear a shout! x2
Robin, 2 hobgoblins and 5 goblins come into view.
Found an escape hatch in the ceiling.
The goblin shouts!
The hobgoblin shouts!
The goblin shouts!
The hobgoblin shouts!
The goblin shouts!
You shoot an arrow. The arrow hits the goblin.
The goblin is moderately wounded.
A hobgoblin comes into view.
You shoot an arrow. The arrow closely misses the goblin.
The hobgoblin shouts!
Robin roars a battlecry!
The goblins go into a battle-frenzy!
The goblin barely misses you.
A goblin comes into view. It is wielding a +0 club.
The goblin barely misses you. Robin throws the goblin at you!
The goblin moves out of view.
You shoot an arrow. The arrow misses the goblin.
The goblin hits you with a +0 club.
You shoot an arrow. The arrow closely misses the goblin.
Robin throws the goblin at you! The goblin barely misses you.
The goblin hits you with a +0 dagger.
A goblin comes into view. It is wielding a +0 club.
The goblin completely misses you.
You shoot an arrow. The arrow hits the goblin.
You kill the goblin!
The goblin barely misses you.
You shoot an arrow. The arrow closely misses the goblin.
The goblin hits you with a +0 club. The goblin barely misses you.
You shoot an arrow. The arrow barely misses the hobgoblin.
The hobgoblin hits you.
A goblin comes into view. It is wielding a +0 dagger.
The goblin hits you with a +0 club. The goblin hits you with a +0 dagger.
You die...

g. .g #g gg g# #
g#
####.######g###...
#.........@g....#
#.###..<##g######
###......#
###..#...
#.###...# ... .###
...# # .<. #


You could see Robin, 2 hobgoblins and 7 goblins.

Vanquished Creatures
  A gnoll (D:1)
  2 dart slugs (D:1)
  2 ball pythons (D:1)
  A bat (D:1)
  4 endoplasms (D:1)
  A goblin (D:2)
  6 hobgoblins
  A quokka (D:1)
  A frilled lizard (D:1)
  3 kobolds (D:1)
  2 rats (D:1)
24 creatures vanquished.

Notes
Turn   | Place    | Note
-------+----------+-------------------------------------------
     0 | D:1      | qw the Spriggan Hunter began the quest for the Orb.
     0 | D:1      | Reached XP level 1. HP: 10/10 MP: 2/2
     0 | D:1      | 0 ||| qw: Version: 0.3-a-155-g5e7d8dd
     0 | D:1      | 0 ||| qw: Game counter: 2226
     0 | D:1      | 0 ||| qw: Melee chars always use a shield: true
     0 | D:1      | 0 ||| qw: God list: Okawaru
     0 | D:1      | 0 ||| qw: Allow faded altars: false
     0 | D:1      | 0 ||| qw: Do Orc after clearing Dungeon:15 true
     0 | D:1      | 0 ||| qw: Do second Lair branch before Depths: true
     0 | D:1      | 0 ||| qw: Lair rune preference: random
     0 | D:1      | 0 ||| qw: Goals: Normal
     0 | D:1      | 0 ||| PLANNING D:1-11
    69 | D:1      | Reached skill level 3 in Dodging
   179 | D:1      | Reached XP level 2. HP: 14/14 MP: 3/3
   318 | D:1      | Reached XP level 3. HP: 16/18 MP: 4/4
   857 | D:1      | 857 ||| UPGRADING to ring of willpower.
   858 | D:1      | 858 ||| UPGRADING to ring of protection from fire.
   859 | D:1      | 859 ||| READING scroll labelled AMEVUS FOTU.
   862 | D:1      | 862 ||| READING scroll labelled SAETHE QOSTEAD.
   862 | D:1      | 862 ||| IDENTIFYING fizzy white potion
   863 | D:1      | 863 ||| READING scroll labelled WYUBRIT USUSKOAR.
   864 | D:1      | 864 ||| READING scroll labelled BICAIHA RADI.
   865 | D:1      | 865 ||| DRINKING 2 viscous white potions.
   866 | D:1      | 866 ||| DRINKING 3 metallic silvery potions.
   867 | D:1      | 867 ||| DROPPING scroll of butterflies.
   868 | D:1      | 868 ||| DROPPING potion of invisibility.
   870 | D:1      | 870 ||| Stepping ~*~*~tactically~*~*~ (cloud).
   871 | D:1      | 871 ||| DRINKING 2 potions of curing.
   871 | D:1      | 871 ||| (to cure poison)
   900 | D:2      | Noticed Robin
   907 | D:2      | HP: 2/18 [hobgoblin[Robin] (6)]
   907 | D:2      | Slain by a goblin

Levels and vault maps discovered:
D:1:      heliophobic_arrival_glass_houses, layout_loops_cross
D:2:      layout_rooms, basic_altar, minmay_misc_feat_cross, uniq_robin

Skill      XL: |  1  2 |
---------------+-------+-----
Dodging        | 3 4 |  4.0
Fighting       | |  1.5
Ranged Weapons | |  4.6
Stealth        | |  1.5

Action                     || total
---------------------------++-------
   Fire: Shortbow          ||    64
    Use: Scroll            ||     4
         Potion            ||     3
 Armour: Robe              ||     9
  Dodge: Dodged            ||    21

Table legend:
 A = Non-vault XP
 B = Vault XP
 C = Vault XP percentage of total XP
 D = Non-vault monster count
 E = Vault monster count
 F = Vault count percentage of total count
                 A         B        C        D         E       F
            +---------+---------+-------+---------+---------+-------
      Total |      54 |       4 |   6.9 |      22 |       2 |   8.3
            +---------+---------+-------+---------+---------+-------
        D:1 |      54 |       0 |   0.0 |      22 |       0 |   0.0
        D:2 |       0 |       4 | 100.0 |       0 |       2 | 100.0
            +---------+---------+-------+---------+---------+-------
